 Dungeon Crawl Stone Soup version 0.27.1-4-g1640c2035a (webtiles) character file.

Game seed: 11855850658555947903

82 Gunterle the Chopper (level 4, 0/55 HPs)
             Began as a Palentonga Berserker on Nov 7, 2021.
             Was a Follower of Trog.
             Killed by nerve-wracking pain
             ... invoked by an orc priest
              (1 damage)
             ... on level 3 of the Dungeon.
             The game lasted 00:04:17 (2025 turns).

Gunterle the Chopper (Palentonga Berserker)         Turns: 2025, Time: 00:04:18

Health: 0/55       AC:  4    Str: 21    XL:     4   Next: 21%
Magic:  4/4        EV: 10    Int:  7    God:    Trog [*.....]
Gold:   86         SH:  0    Dex: 10    Spells: 3/3 levels left

rFire    + . .     SeeInvis +   a - +0 hand axe
rCold    . . .     Faith    .   (no shield)
rNeg     . . .     Spirit   .   b - +0 animal skin
rPois    .         Reflect  .   (no helmet)
rElec    .         Harm     .   (no cloak)
rCorr    .         Rampage  .   (no gloves)
Will     .....                  (no barding)
Stlth    ..........             (no amulet)
HPRegen  0.18/turn              k - ring of protection from fire
MPRegen  0.09/turn              (no ring)

@: berserking, very quick
A: large, rugged brown scales 3, see invisible, deformed body, roll 1, armoured
tail
a: Rolling Charge, Renounce Religion, Berserk


You were on level 3 of the Dungeon.
You worshipped Trog.
Trog was aware of your devotion.
You visited 1 branch of the dungeon, and saw 3 of its levels.

You collected 86 gold pieces.

Inventory:

Hand Weapons
 a - a +0 hand axe (weapon)
Missiles
 e - 39 stones
 o - 20 poisoned darts
Armour
 b - a +0 animal skin (worn)
 j - a +0 helmet
 m - a +0 chain mail
Jewellery
 k - a ring of protection from fire (left hand)
Scrolls
 f - a scroll of blinking
 g - a scroll of amnesia {unknown}
 i - a scroll of teleportation
Potions
 c - a potion of lignification {unknown}
 d - a potion of heal wounds {unknown}
 h - a potion of haste {unknown}
 l - a potion of flight {unknown}
 n - a potion of cancellation {unknown}


   Skills:
 + Level 3.5 Fighting
 * Level 4.0 Axes
 + Level 2.1 Armour
 + Level 2.1 Dodging


You had 3 spell levels left.
You didn't know any spells.
Your spell library was empty.

Dungeon Overview and Level Annotations

Branches:
Dungeon (3/15)

Altars:


Innate Abilities, Weirdness & Mutations

You are completely covered in rugged brown scales. (AC +3, +7% HP)
You have supernaturally acute eyesight. (SInv)
Armour fits poorly on your strangely shaped body.
You can roll at nearby foes to attack.
You have a long armoured tail.


Message History

You closely miss the goblin. The goblin hits you with a +0 club.
You barely miss the goblin. The goblin hits you but does no damage.
A kobold comes into view. It is wielding a +0 dagger.
An orc comes into view. It is wielding a +0 dagger.
The kobold shouts!
You hit the goblin.
You kill the goblin!
Trog accepts your kill.
The orc priest invokes the aid of Beogh against you.
Pain shoots through your body!
The kobold throws a stone.
The stone hits you.
You see here a +0 club.
A bat comes into view.
The orc priest calls down the wrath of Beogh upon you.
Pain shoots through your body!
The bat moves out of view.
The orc priest invokes the aid of Beogh against you.
Beogh smites you!
* * * LOW HITPOINT WARNING * * *
An orc comes into view. It is wielding a +0 dagger.
A red film seems to cover your vision as you go berserk!
You feel yourself moving faster!
You feel mighty! The kobold hits you with a +0 dagger.
* * * LOW HITPOINT WARNING * * *
You barely miss the orc. You tail-slap the orc!
You kill the orc!
Trog accepts your kill.
You slash the orc priest! You miss the kobold.
The kobold hits you with a +0 dagger.
* * * LOW HITPOINT WARNING * * *
The orc priest invokes the aid of Beogh against you.
Beogh smites you!
* * * LOW HITPOINT WARNING * * *
Your Axes skill increases to level 4!
You completely miss the orc priest.
The orc priest is heavily wounded.
You hit the kobold.
You kill the kobold!
Trog accepts your kill.
The orc priest mumbles some strange prayers to Beogh against you.
Pain shoots through your body!
You die...

#### #.##.# .... ...#
#....##.... ...#
#####).###....# ...#
#...))##... ..# ...#
####..##.###..###
##.#####.....).......#
..)...............#..###
..........#..)..........
..............).@o...o..
........###.###)#)......
..........".............
..##....................
####.............#......
...................b....
<#...#..................
........................
#.)...##.


You could see an orc priest, an orc and a bat.

Vanquished Creatures
  An orc wizard (D:2)
  A gnoll (D:1)
  An ufetubus (D:3)
  A worm (D:2)
  4 orcs (D:3)
  A ball python (D:3)
  4 endoplasms
  5 goblins
  A hobgoblin (D:1)
  3 jackals (D:1)
  3 bats
  3 frilled lizards
  6 kobolds
  3 rats
37 creatures vanquished.

Notes
Turn   | Place    | Note
-------+----------+-------------------------------------------
     0 | D:1      | Gunterle the Palentonga Berserker began the quest for the
                  | Orb.
     0 | D:1      | Reached XP level 1. HP: 19/19 MP: 1/1
   526 | D:1      | Reached XP level 2. HP: 25/25 MP: 2/2
   535 | D:1      | Found a faded altar of an unknown god.
  1075 | D:2      | Reached XP level 3. HP: 27/31 MP: 3/3
  1896 | D:2      | Reached XP level 4. HP: 37/37 MP: 4/4
  2024 | D:3      | HP: 1/55 [orc priest/divine providence (9)]
  2025 | D:3      | Reached skill level 4 in Axes
  2025 | D:3      | Killed from afar by an orc priest

Illustrated notes

Levels and vault maps discovered:
D:1:      minmay_arrival_widening_spiral_narrow, layout_basic,
          shapermc_ecumenical_altar_mp_urbaneastern, palyth_stone_intersect
D:2:      layout_basic
D:3:      layout_rooms, grunt_ministairs_13

Skill      XL: |  1  2  3  4 |
---------------+-------------+-----
Armour         | 2 |  2.1
Dodging        | 2 |  2.1
Axes           | 4 |  4.0
Fighting       | |  3.5

Action                   |  1- 3 |  4- 6 || total
-------------------------+-------+-------++-------
Melee: Hand axe          |    68 |    16 ||    84
       Tailslap          |     9 |     1 ||    10
Invok: Berserk           |     3 |     1 ||     4
 Abil: Rolling Charge    |     3 |       ||     3
  Use: Scroll            |     2 |       ||     2
Armor: Animal skin       |    12 |     1 ||    13
Dodge: Dodged            |    32 |     6 ||    38
